 Dungeon Crawl Stone Soup version 0.30-a0-883-g5ad918d77d (webtiles) character file.

Game seed: 11551163075035130360

44 DrKenneth the Trooper (level 3, -1/33 HPs)
             Began as a Minotaur Fighter on Mar 16, 2023.
             Slain by Natasha (5 damage)
             ... on level 2 of the Dungeon.
             The game lasted 00:01:44 (1422 turns).

DrKenneth the Trooper (Minotaur Fighter)            Turns: 1422, Time: 00:01:45

Health: -1/33      AC:  7    Str: 22    XL:     3   Next: 41%
Magic:  2/2        EV:  9    Int:  5    God:
Gold:   121        SH:  4    Dex:  9    Spells: 2/2 levels left

rFire   . . .      SeeInvis .    a - +0 war axe
rCold   . . .      Faith    .    c - +0 buckler
rNeg    . . .      Spirit   .    b - +0 scale mail
rPois   .          Reflect  .    (helmet restricted)
rElec   .          Rampage  .    (no cloak)
rCorr   .                        (no gloves)
Will    .....                    (no boots) Stlth
                                 (no amulet)
HPRegen 0.25/turn                (no ring)
MPRegen 0.08/turn                (no ring)

@: no status effects
A: horns 2, retaliatory headbutt
a: no special abilities


You were on level 2 of the Dungeon.
You visited 1 branch of the dungeon, and saw 2 of its levels.

You collected 121 gold pieces.

Inventory:

Hand Weapons
 a - a +0 war axe (weapon)
Armour
 b - a +0 scale mail (worn)
 c - a +0 buckler (worn)
Scrolls
 h - a scroll of identify {unknown}
 j - a scroll of silence {unknown}
 k - a scroll of poison {unknown}
 l - a scroll of magic mapping {unknown}
Potions
 d - a potion of might
 e - 3 potions of resistance {unknown}
 f - a potion of brilliance {unknown}
 g - a potion of mutation {unknown}
 i - a potion of degeneration {unknown}


   Skills:
 + Level 4.2 Fighting
 + Level 3.0 Axes
 + Level 4.1 Armour
 + Level 4.1 Shields


You had 2 spell levels left.
You didn't know any spells.
Your spell library was empty.

Dungeon Overview and Level Annotations

Branches:
Dungeon (2/15)

Altars:

Annotations:
D:2 Natasha


Innate Abilities, Weirdness & Mutations

You have a pair of horns on your head.
You reflexively headbutt those who attack you in melee.


Message History

A ball python is nearby!
Natasha, Servant of Life and Death comes into view.
Natasha moves out of view.
Natasha casts a spell at you.
The magic dart hits you but does no damage.
You barely miss the ball python.
The ball python bites you but does no damage.
The ball python grabs you. The ball python constricts you.
You block the ball python's attack. The ball python constricts you.
You slash the ball python!
You kill the ball python!
You block Natasha's attack.
You closely miss Natasha. Your headbutt misses Natasha.
Natasha stares at you and mumbles some strange words.
The magic dart hits you!
You slash Natasha!
Natasha is severely wounded.
Natasha claws you but does no damage.
You closely miss Natasha. Your headbutt misses Natasha.
Natasha is severely wounded.
Natasha drinks a potion.
Natasha is healed!
Natasha claws you!
You hit Natasha.
Natasha is lightly wounded.
Natasha claws you!
You are too injured to fight recklessly!
You are too injured to fight recklessly!
You are too injured to fight recklessly!
You barely miss Natasha.
Natasha is lightly wounded.
Natasha claws you but does no damage.
You closely miss Natasha.
Natasha is lightly wounded.
Natasha claws you.
* * * LOW HITPOINT WARNING * * *
Natasha claws you.
* * * LOW HITPOINT WARNING * * *
You barely miss Natasha.
Natasha is lightly wounded.
Natasha claws you.
You die...

#[..# ########.# #.#####
...###........# #.#####
#.........# #.##...
#..####...#######.##.##
.......#....<.).........
.......#..##############
.#..#..#..# ......h...#
#.....@.## #####.#.#
#..†# ##.## #. #. .. ..
##.


You could see Natasha.

Vanquished Creatures
  A gnoll (D:1)
  3 endoplasms
  A giant cockroach (D:2)
  4 goblins
  3 hobgoblins
  4 jackals (D:1)
  A kobold (D:1)
  3 quokkas
  3 ball pythons
  3 bats
  2 frilled lizards
  2 rats (D:1)
30 creatures vanquished.

Notes
Turn   | Place    | Note
-------+----------+-------------------------------------------
     0 | D:1      | DrKenneth the Minotaur Fighter began the quest for the Orb.
     0 | D:1      | Reached XP level 1. HP: 19/19 MP: 0/0
    46 | D:1      | Reached XP level 2. HP: 20/27 MP: 1/1
   265 | D:1      | Found a faded altar of an unknown god.
   743 | D:1      | Reached XP level 3. HP: 33/33 MP: 2/2
  1411 | D:2      | Noticed Natasha
  1422 | D:2      | Slain by Natasha

Illustrated notes

Levels and vault maps discovered:
D:1:      lightli_arrival_quake, layout_basic,
          shapermc_ecumenical_altar_totnotflames, dk_noncrumbling_3
D:2:      layout_loops_cross, uniq_natasha

Skill      XL: |  1  2  3 |
---------------+----------+-----
Fighting       | 4 |  4.2
Armour         | 4 |  4.1
Shields        | 4 |  4.1
Axes           | 3 |  3.0

Action                     || total
---------------------------++-------
  Melee: War axe           ||    82
         Headbutt          ||    12
 Armour: Scale mail        ||    45
  Dodge: Dodged            ||    31
  Block: Buckler           ||    19

Table legend: (Time is in decaauts)
 A = Elapsed time spent in this place.
 B = Non-inter-level travel time spent in this place.
 C = Inter-level travel time spent in this place.
 D = Time resting spent in this place.
 E = Time spent auto-exploring this place.
 F = Levels seen in this place.
 G = Mean time per level.
                   A        B        C        D        E       F      G
               +--------+--------+--------+--------+--------+-----+--------+
         Total |   1453 |   1410 |     43 |      0 |   1181 |   2 |  726.5 |
       Dungeon |   1453 |   1410 |     43 |      0 |   1181 |   2 |  726.5 |
               +--------+--------+--------+--------+--------+-----+--------+

Top non-repeatable levels by time:
     D:1: 1040 daAuts
     D:2: 413 daAuts
